 Dungeon Crawl Stone Soup version 0.16-a0-1529-gf034e03 (webtiles) character file.

128826 Psiweapon the Pandemonic (level 16, -6/149 HPs)
             Began as a Mottled Draconian Fighter on Oct 21, 2014.
             Was a High Priest of Makhleb.
             Killed from afar by a deep elf conjurer (24 damage)
             ... with a bolt of fire
             ... on level 2 of the Elven Halls.
             The game lasted 05:06:50 (33643 turns).

Psiweapon the Pandemonic (DrFi)                    Turns: 33643, Time: 05:06:52

Health: -6/149     AC: 16    Str: 21    XL:     16   Next: 49%
Magic:  0/33       EV: 15    Int: 13    God:    Makhleb [*****.]
Gold:   2471       SH: 12    Dex: 10    Spells: 5 memorised, 17 levels left

rFire  . . .     SeeInvis +     W - +7 morningstar (freeze)
rCold  . . .     Clarity  .     (armour unavailable)
rNeg   . . .     SustAb   .     c - +0 shield
rPois  +         Gourm    .     i - +0 hat {SInv}
rElec  .         Spirit   .     U - +0 cloak
rCorr  .         Warding  .     s - +2 pair of gloves
rMut   .         Stasis   .     H - +2 pair of boots
MR     +....                    h - amulet of Vitality {HP+15 Regen}
Stlth  +.........               o - ring of poison resistance
                                P - +3 ring of strength

@: somewhat resistant to hostile enchantments, very unstealthy
A: breathe sticky flames, unfitting armour, antennae 2, stinger 1, blurry vision
1, clumsy 1, sense surroundings 1, weak 1, wild magic 1, cold-blooded, AC +9
a: Breathe Sticky Flame, Minor Destruction, Lesser Servant of Makhleb, Major
Destruction, Greater Servant of Makhleb, Renounce Religion


You were on level 2 of the Elven Halls.
You worshipped Makhleb.
Makhleb was extremely pleased with you.
You were very hungry.

You visited 5 branches of the dungeon, and saw 31 of its levels.
You also visited: Wizlab.

You collected 3621 gold pieces.
You spent 1150 gold pieces at shops.

Inventory:

Hand weapons
 W - a +7 morningstar of freezing (weapon)
Missiles
 y - 41 tomahawks (quivered)
 z - 4 throwing nets
Armour
 c - a +0 shield (worn)
 i - a +0 hat of see invisible (worn)
 r - the +0 pair of boots of the Lute {rPois rC+ Str-2}
   (You acquired it on level 8 of the Lair of Beasts)

   It affects your strength (-2).
   It protects you from cold.
   It protects you from poison.
 s - a +2 pair of gloves (worn)
 H - a +2 pair of boots (worn)
 L - a +0 buckler of cold resistance
 U - a +0 cloak (worn)
Jewellery
 a - an uncursed ring of protection from magic
 h - the amulet of Vitality (around neck) {HP+15 Regen}
   (You found it on level 9 of the Dungeon)

   [amulet of regeneration]

   It affects your health (+15).
   It increases your rate of regeneration.
 m - an uncursed ring of teleportation
 o - a ring of poison resistance (right hand)
 p - an uncursed amulet of resist corrosion
 t - a cursed amulet of regeneration {unknown}
 E - an uncursed ring of sustain abilities
 M - an uncursed ring of flight
 P - a +3 ring of strength (left hand)
Magical devices
 b - a wand of lightning (6)
 d - a wand of invisibility (2)
 g - a wand of invisibility (7)
 u - a wand of digging (6)
 x - a wand of disintegration (7)
 A - a wand of slowing (25)
 J - a wand of cold (4)
 N - a wand of hasting (2)
 O - a wand of cold (9)
 S - a wand of fire (3)
Scrolls
 j - 2 scrolls of fear
 k - 2 scrolls of teleportation
 q - 13 scrolls of remove curse
 X - a scroll of summoning
 Y - a scroll of vulnerability
Potions
 e - 2 potions of invisibility
 l - 2 potions of magic
 n - 4 potions of agility
 v - 16 potions of curing
 w - 2 potions of cancellation
 B - 2 potions of restore abilities
 D - 8 potions of brilliance
 F - 4 potions of haste
 I - a potion of resistance
 K - a potion of heal wounds
 T - 4 potions of might
Miscellaneous
 G - a lamp of fire
Comestibles
 C - 13 royal jellies
 Z - 8 meat rations


   Skills:
 - Level 10.0 Fighting
 + Level 15.4 Maces & Flails
 - Level 10.4 Dodging
 - Level 10.3 Shields
 - Level 6.2 Spellcasting
 + Level 7.8 Necromancy
 - Level 6.0 Transmutations
 - Level 6.0 Earth Magic
 - Level 15.4 Invocations


You had 17 spell levels left.
You knew the following spells:

 Your Spells              Type           Power        Failure   Level  Hunger
a - Magic Dart            Conj           #...         34%         1    None
b - Vampiric Draining     Necr           #####.....   7%          3    ###....
c - Animate Skeleton      Necr           N/A          3%          1    None
d - Regeneration          Chrm/Necr      ###.......   26%         3    ###....
e - Stoneskin             Trmt/Erth      ####....     7%          2    #......


Dungeon Overview and Level Annotations

Branches:
Dungeon (15/15)            Temple (0/1) D:7             Orc (4/4) D:9
    Elf (3/3) Orc:3          Lair (8/8) D:11         Shoals (0/5) Lair:6
 Spider (1/5) Lair:5        Slime (0/6) Lair:6       Depths (0/5) D:15
 Vaults: D:13-14

Altars:
Cheibriados
Dithmenos
Elyvilon
Fedhas
Kikubaaqudgha
Makhleb
Nemelex Xobeh
Okawaru
Qazlal
Ru
Sif Muna
Trog
Xom
The Shining One
Beogh

Shops:
D:5 (   D:8 ([(   D:9 }   D:12 (   D:15 *   Orc:3 !   Orc:4 *[:   Elf:1 !
Elf:2 *

Annotations:
D:14 exclusions: 3 vault guards and 1 more exclusion


Innate Abilities, Weirdness & Mutations

You can spit globs of burning liquid.
You can ignite nearby creatures when you spit burning liquid.
Your weird mottled scales are hard (AC +9).
Your body does not fit into most forms of armour.
Your cold-blooded metabolism reacts poorly to cold.
You have a pair of antennae on your head.
Your tail ends in a poisonous barb.
Your vision is a little blurry.
You are clumsy. (Dex -2)
You passively map a small area around you.
You are weak. (Str -2)
Your spells are a little harder to cast, but a little more powerful.


Message History

The deep elf fighter casts a spell.
The deep elf fighter seems to speed up.
The runed trident hits your green death!
The antimagic lajatang hits you!
* * * LOW HITPOINT WARNING * * *
Your green death gestures at the deep elf conjurer.
The poison arrow hits the antimagic lajatang.
The antimagic lajatang partially resists.
The antimagic lajatang hits your green death!!
Your green death's magic leaks into the air.
The battleaxe of flaming hits your green death!
The battleaxe of flaming burns your green death.
Your green death hits the battleaxe of flaming!!
You hit the deep elf conjurer. You freeze the deep elf conjurer.
The deep elf conjurer is almost dead.
The antimagic lajatang hits your green death!
Your green death's magic leaks into the air.
The deep elf conjurer points at you and mumbles some strange words.
The bolt of fire hits you!
You die...

##...####.####.####.####.#.()#''
##.....##...##...##...##.....###.
#......).........................
.....#))............#........))..
....###)...........###...........
...# ##..........## ##..........
... * ##...........###...........
.., #.....(.(e....#............ .
, ##......2Z.@................ ,
#.....%..(..................
..............................
.............................
........e....................
.............................
................. ........ ,
............... ....... ,
........... , , ......


You could see a deep elf conjurer, a deep elf fighter (invisible), 3 dancing
weapons, an elf skeleton and a friendly green death.

Vanquished Creatures
  Nikola (Elf:1)
  4 deep elf sorcerers
  An orc warlord (Orc:4)
  An emperor scorpion (Spider:1)
  2 deep elf demonologists (Elf:3)
  Snorg (Elf:1)
  A deep elf death mage (Elf:2)
  A deep elf high priest (Elf:3)
  2 fire dragons (D:15)
  Fannar (Lair:1)
  Harold (Lair:3)
  The ghost of rchandra the Nimble, a powerful SpGl of Trog (Lair:1)
  Nessos (Elf:2)
  4 centaur warriors
  5 hydras
  6 dancing weapons (Elf:2)
  5 death yaks (Lair:7)
  2 orc high priests (Orc:4)
  14 deep elf knights
  An unseen horror (D:13)
  6 deep elf summoners
  3 hill giants
  The ghost of jordan the Protected, an experienced HEAr of Ru (Lair:1)
  An orc knight (Orc:4)
  13 deep elf conjurers
  A wolf spider zombie (D:15)
  A manticore (D:13)
  2 oklob plants
  An ugly thing (D:13)
  2 griffons
  2 wolf spiders (Spider:1)
  5 orc sorcerers
  An orb spider (Spider:1)
  2 elephants (Lair:8)
  6 black mambas
  A centaur zombie (D:14)
  Joseph (Orc:4)
  An orange demon (Orc:2)
  2 sirens (Lair:6)
  A demonspawn zombie (WizLab)
  A gargoyle (D:15)
  9 spiny frogs
  2 demonic crawlers
  16 komodo dragons
  A fire drake (shapeshifter) (D:15)
  A guardian mummy (WizLab)
  6 trolls
  10 deep elf priests
  8 polar bears
  A merfolk (Lair:6)
  A queen bee (Orc:2)
  Sonja (D:13)
  2 two-headed ogres (D:13)
  An ettin zombie (WizLab)
  A hydra skeleton (D:15)
  A red devil (Elf:1)
  2 jumping spiders (Spider:1)
  A spriggan zombie (WizLab)
  21 deep elf magi
  A deep troll zombie (WizLab)
  3 basilisks
  16 blink frogs
  8 redbacks
  2 trapdoor spiders
  A redback (shapeshifter) (Elf:2)
  6 spriggans (Lair:8)
  4 wyverns
  3 wraiths
  A water elemental (D:14)
  7 hippogriffs
  A ynoxinul (Elf:3)
  A steam dragon (D:13)
  4 tarantellas
  5 hungry ghosts
  23 deep elf fighters
  30 yaks
  10 vampire mosquitoes
  2 hill giant skeletons
  A mottled dragon (D:13)
  16 wolves
  8 wargs
  A tengu zombie (WizLab)
  9 water moccasins
  9 porcupines
  A tengu skeleton (D:8)
  A necrophage (D:8)
  28 orc warriors
  A manticore zombie (D:8)
  2 human zombies (WizLab)
  3 yellow wasps
  6 black bears
  11 ogres
  A phantom (D:12)
  8 sky beasts
  A boring beetle (Lair:8)
  A black bear (shapeshifter) (D:14)
  5 ice beasts
  9 crocodiles
  An elephant skeleton (Lair:8)
  7 centaurs
  Duvessa (D:5)
  23 giant frogs
  2 big kobolds
  A cyclops skeleton (D:9)
  A troll zombie (D:9)
  A wyvern skeleton (D:9)
  A scorpion (shapeshifter) (D:10)
  4 scorpions
  30 killer bees
  4 wights (D:13)
  A goliath beetle (D:11)
  5 crimson imps
  An electric eel (D:8)
  Dowan (D:5)
  10 hounds
  26 orc priests
  7 jellies
  41 orc wizards
  3 elf skeletons
  12 iguanas
  20 orange rats
  A worker ant (D:5)
  5 ogre zombies (D:9)
  Jessica (D:3)
  12 sheep
  A mottled dragon skeleton (D:15)
  A hound skeleton (D:4)
  A worker ant zombie (D:7)
  6 gnolls
  16 adders
  69 green rats
  A steam dragon skeleton (D:10)
  A giant mite (D:6)
  3 shadow imps
  3 worms
  An ufetubus (Elf:3)
  An adder zombie (D:5)
  An iguana skeleton (D:7)
  9 giant geckos
  6 oozes
  169 orcs
  17 bats
  2 bat skeletons (D:6)
  2 giant cockroaches (D:3)
  17 goblins
  16 hobgoblins
  12 jackals
  24 kobolds
  11 quokkas
  4 giant newts
  2 goblin skeletons (D:9)
  5 goblin zombies (D:9)
  A hobgoblin skeleton (D:9)
  A jackal skeleton (D:6)
  5 orc skeletons
  11 orc zombies
  40 rats
  6 fungi
  4 plants
1135 creatures vanquished.

Vanquished Creatures (collateral kills)
  A deep elf blademaster (Elf:2)
  Gastronok (Lair:1)
  A hydra (Lair:8)
  2 death yaks (Lair:7)
  4 dancing weapons (Elf:2)
  2 orc high priests (Orc:4)
  2 deep elf knights (Elf:2)
  A catoblepas (Lair:8)
  A deep elf summoner (Elf:3)
  2 orc knights (Orc:4)
  A human skeleton (Elf:1)
  A wolf spider (Spider:1)
  A griffon (D:14)
  2 orc sorcerers (Orc:4)
  A siren (Lair:6)
  A black mamba (Lair:3)
  6 elephants (Lair:8)
  An efreet (D:14)
  5 spiny frogs
  2 demonic crawlers
  A hellwing (Orc:4)
  3 komodo dragons
  2 deep elf priests
  A polar bear (Lair:8)
  8 blink frogs
  2 basilisks
  A trapdoor spider (Spider:1)
  A redback (Lair:8)
  2 yaks
  5 spriggans (Lair:8)
  A deep elf mage (Elf:2)
  A wyvern (D:14)
  2 tarantellas (Spider:1)
  A deep elf fighter (Elf:2)
  A hippogriff (D:14)
  9 wolves (Lair:8)
  A soldier ant (D:14)
  3 water moccasins
  An ice beast (D:8)
  2 yellow wasps (Lair:8)
  6 orc warriors (Orc:4)
  A sky beast (D:14)
  An ogre (Orc:2)
  A spider (Spider:1)
  A crocodile (Lair:7)
  A centaur (D:14)
  3 black bears (Lair:8)
  An elephant skeleton (Lair:8)
  A boring beetle (Spider:1)
  A cyclops zombie (D:14)
  4 killer bees
  A hound (Lair:8)
  6 orc priests
  A crimson imp (D:10)
  4 orc wizards
  3 elf skeletons
  2 orange rats (Lair:7)
  An iguana (Lair:1)
  2 sheep (Lair:4)
  8 green rats
  2 adders
  29 orcs
  A goblin (Orc:4)
  A hobgoblin (Orc:2)
  3 quokkas
  6 fungi
  A plant (Lair:8)
178 creatures vanquished.

Vanquished Creatures (others)
  A cacodemon (Elf:3)
  A green death (Lair:1)
  A blizzard demon (Elf:3)
  A ball lightning (Elf:3)
  A smoke demon (D:10)
  A death yak skeleton (Lair:7)
  A deep elf priest (Elf:3)
  A centaur skeleton (Elf:2)
  A hellwing (Orc:4)
  2 fire elementals
  A ynoxinul (D:8)
  A black mamba skeleton (Lair:4)
  A deep elf fighter (Elf:2)
  A neqoxec (Lair:6)
  An elf zombie (Elf:1)
  2 spiny frog skeletons
  2 elephant skeletons (Lair:8)
  4 lost souls
  A blink frog skeleton (Lair:7)
  3 komodo dragon skeletons
  A polar bear skeleton (Lair:8)
  3 wolf skeletons (Lair:8)
  A crimson imp (Elf:1)
  19 elf skeletons
  A black bear skeleton (Lair:8)
  An ogre skeleton (Orc:2)
  A goblin skeleton (Orc:2)
  A green rat skeleton (Lair:8)
  60 orc skeletons
  3 orc zombies (D:8)
  5 fungi
124 creatures vanquished.

Grand Total: 1437 creatures vanquished

Notes
Turn   | Place    | Note
--------------------------------------------------------------
     0 | D:1      | Psiweapon, the Draconian Fighter, began the quest for the Orb.
     0 | D:1      | Reached XP level 1. HP: 19/19 MP: 1/1
   200 | D:1      | Reached XP level 2. HP: 21/26 MP: 2/2
  1063 | D:2      | Reached XP level 3. HP: 31/33 MP: 3/3
  1426 | D:2      | Reached XP level 4. HP: 35/40 MP: 4/4
  1973 | D:3      | Noticed a sky beast
  2009 | D:3      | Killed a sky beast
  2009 | D:3      | Reached skill level 5 in Maces & Flails
  2009 | D:3      | Reached XP level 5. HP: 41/46 MP: 5/5
  2016 | D:3      | Gained mutation: You have a pair of small antennae on your head. [mutagenic meat]
  2017 | D:3      | Gained mutation: Your magical capacity is low (-10% MP). [mutagenic meat]
  2018 | D:3      | Gained mutation: Your tail ends in a poisonous barb. [mutagenic meat]
  2046 | D:3      | Found a burning altar of Makhleb.
  2046 | D:3      | Found an iron altar of Okawaru.
  2046 | D:3      | Found a bloodstained altar of Trog.
  2054 | D:3      | Became a worshipper of Makhleb the Destroyer
  2251 | D:3      | Noticed Jessica
  2263 | D:3      | Killed Jessica
  2505 | D:4      | Acquired Makhleb's first power
  2668 | D:4      | Found a snail-covered altar of Cheibriados.
  2686 | D:4      | Reached XP level 6. HP: 41/52 MP: 5/5
  3074 | D:4      | Acquired Makhleb's second power
  3440 | D:5      | Entered Level 5 of the Dungeon
  3518 | D:5      | Reached skill level 5 in Shields
  3542 | D:5      | Reached skill level 1 in Invocations
  3573 | D:5      | Found a staircase to the Ecumenical Temple.
  3591 | D:5      | Found Frutenk's Weapon Shop.
  3610 | D:5      | Your scales start taking on a weird mottled pattern.
  3610 | D:5      | Reached XP level 7. HP: 12/60 MP: 8/8
  3871 | D:5      | Noticed Dowan
  3873 | D:5      | Noticed Duvessa
  3881 | D:5      | Killed Dowan
  3885 | D:5      | Killed Duvessa
  3885 | D:5      | Reached skill level 5 in Fighting
  4482 | D:5      | Found a stormy altar of Qazlal.
  4962 | D:6      | Found a shadowy altar of Dithmenos.
  4966 | D:6      | Found a sacrificial altar of Ru.
  4968 | D:6      | Found a deep blue altar of Sif Muna.
  5115 | D:6      | Acquired Makhleb's third power
  5236 | D:6      | Learned a level 1 spell: Magic Dart
  5271 | D:6      | Reached XP level 8. HP: 63/68 MP: 10/12
  5287 | D:6      | Found a white marble altar of Elyvilon.
  5307 | D:6      | Reached skill level 5 in Invocations
  5878 | D:7      | Found a staircase to the Ecumenical Temple.
  6117 | D:7      | Reached skill level 5 in Dodging
  6383 | D:8      | Reached skill level 6 in Invocations
  6458 | D:8      | Found Ghaofoir's Antique Armour Emporium.
  6496 | D:8      | Found Dialliur's Antique Weapon Shoppe.
  7041 | D:8      | Found a shimmering altar of Xom.
  7054 | D:8      | Reached skill level 7 in Invocations
  7055 | D:8      | Found Gihuab's Antique Weapon Shoppe.
  7168 | D:8      | Found a deep blue altar of Sif Muna.
  7232 | D:8      | Reached XP level 9. HP: 71/74 MP: 18/18
  7616 | D:9      | Found a staircase to the Orcish Mines.
  7628 | D:9      | Acquired Makhleb's fourth power
  7635 | D:9      | Reached skill level 8 in Invocations
  7904 | D:9      | Reached skill level 9 in Invocations
  8188 | D:9      | Found a staircase to the Lair.
  8234 | D:9      | Reached XP level 10. HP: 81/81 MP: 20/20
  8248 | D:9      | Reached skill level 10 in Invocations
  8646 | D:9      | Acquired Makhleb's fifth power
  8832 | D:9      | Found Ghikur's Gadget Shoppe.
  8970 | D:9      | Found a sparkling altar of Nemelex Xobeh.
  9039 | D:9      | Found a blossoming altar of Fedhas.
  9039 | D:9      | Found an ancient bone altar of Kikubaaqudgha.
  9201 | D:10     | Entered Level 10 of the Dungeon
  9352 | D:10     | Reached skill level 11 in Invocations
  9435 | D:10     | Gained mutation: Your magical capacity is very low (-20% MP). [mutagenic meat]
  9436 | D:10     | Gained mutation: Your tail ends in a sharp poisonous barb. [mutagenic meat]
  9438 | D:10     | Gained mutation: You are robust (+10% HP). [mutagenic meat]
  9492 | D:10     | Reached skill level 10 in Maces & Flails
  9718 | D:10     | Gained mutation: You are weak. (Str -2) [mutagenic meat]
  9880 | D:10     | Gained mutation: Your vision is a little blurry. [mutagenic meat]
  9881 | D:10     | Gained mutation: Your mind is acute. (Int +2) [mutagenic meat]
 10137 | D:11     | Reached XP level 11. HP: 96/96 MP: 20/20
 10185 | D:11     | Found a staircase to the Lair.
 10515 | D:11     | Noticed a hill giant
 10520 | D:11     | Killed a hill giant
 10520 | D:11     | Reached skill level 12 in Invocations
 10941 | D:12     | Found Miavigigh's Antique Weapon Shoppe.
 11108 | D:12     | Noticed a five-headed hydra
 11114 | D:12     | Killed a five-headed hydra
 11691 | D:13     | Noticed a hill giant
 11698 | D:13     | Killed a hill giant
 11738 | D:13     | Reached skill level 13 in Invocations
 11748 | D:13     | Lost mutation: Your magical capacity is very low (-20% MP). [mutagenic meat]
 11892 | D:13     | Noticed a centaur warrior
 11899 | D:13     | Killed a centaur warrior
 12006 | D:13     | Noticed a centaur warrior
 12024 | D:13     | Killed a centaur warrior
 12220 | D:13     | Killed an unseen horror
 12327 | D:13     | Reached XP level 12. HP: 88/115 MP: 25/25
 12354 | D:13     | Noticed a seven-headed hydra
 12357 | D:13     | Killed a seven-headed hydra
 12423 | D:13     | Reached skill level 14 in Invocations
 12440 | D:13     | Noticed Sonja
 12443 | D:13     | Killed Sonja
 12478 | D:13     | Reached skill level 10 in Fighting
 12571 | D:13     | Learned a level 3 spell: Dazzling Spray
 12687 | D:14     | Noticed a vault guard
 12687 | D:14     | Noticed a vault guard
 12746 | D:14     | Noticed a centaur warrior
 12754 | D:14     | Killed a centaur warrior
 13438 | D:14     | Found a glowing golden altar of the Shining One.
 13557 | D:15     | Entered Level 15 of the Dungeon
 13625 | D:15     | Found Hutsis Mutwe's General Store.
 13637 | D:15     | Bought a scroll of identify for 30 gold pieces
 13637 | D:15     | Bought 2 potions of curing for 60 gold pieces
 13637 | D:15     | Bought a scroll of blinking for 112 gold pieces
 13637 | D:15     | Bought a potion of might for 37 gold pieces
 13637 | D:15     | Bought 2 potions of curing for 60 gold pieces
 14131 | D:15     | Reached skill level 15 in Invocations
 14150 | D:15     | Noticed a cacodemon
 14404 | Lair:1   | Entered Level 1 of the Lair of Beasts
 14417 | Lair:1   | Noticed rchandra's ghost (powerful SpGl)
 14439 | Lair:1   | Killed rchandra's ghost
 14442 | Lair:1   | Noticed Fannar
 14450 | Lair:1   | Killed Fannar
 15070 | Lair:1   | Learned a level 1 spell: Animate Skeleton
 15074 | Lair:1   | Lost mutation: You are robust (+10% HP). [potion of mutation]
 15075 | Lair:1   | Gained mutation: You passively map a small area around you. [potion of mutation]
 15100 | Lair:1   | Noticed jordan's ghost (experienced HEAr)
 15102 | Lair:1   | Reached XP level 13. HP: 113/113 MP: 27/27
 15116 | Lair:1   | Killed jordan's ghost
 15117 | Lair:1   | Noticed Gastronok
 15134 | Lair:1   | Killed Gastronok
 17166 | Lair:3   | Noticed Harold
 17173 | Lair:3   | Killed Harold
 18090 | Lair:3   | Reached skill level 10 in Shields
 18549 | Lair:4   | Reached skill level 1 in Necromancy
 19532 | Lair:5   | Got a pair of transparent gloves
 19533 | Lair:5   | Identified the cursed -5 pair of gloves of Guwom {Str-5 Dex+3} (You found it on level 5 of the Lair of Beasts)
 19584 | Lair:5   | Found a hole to the Spider Nest.
 20823 | D:13     | Learned a level 3 spell: Vampiric Draining
 20827 | D:13     | Learned a level 3 spell: Regeneration
 21161 | Lair:6   | Found a staircase to the Slime Pits.
 21273 | Lair:6   | Reached XP level 14. HP: 116/121 MP: 27/27
 21297 | Lair:6   | Found a staircase to the Shoals.
 21866 | Lair:7   | Noticed a cacodemon
 21963 | Spider:1 | Entered Level 1 of the Spider Nest
 21967 | Spider:1 | Reached skill level 5 in Necromancy
 22042 | Spider:1 | Reached skill level 1 in Spellcasting
 22103 | Spider:1 | Noticed an emperor scorpion
 22115 | Spider:1 | Killed an emperor scorpion
 22907 | Lair:8   | Entered Level 8 of the Lair of Beasts
 23298 | Lair:8   | Identified a scroll of acquirement
 23300 | Lair:8   | Got a pair of heavily runed boots
 23311 | Lair:8   | Identified the +0 pair of boots of the Lute {rPois rC+ Str-2} (You acquired it on level 8 of the Lair of Beasts)
 23445 | Lair:8   | Reached skill level 5 in Spellcasting
 24841 | D:13     | Learned a level 2 spell: Stoneskin
 25693 | Orc:1    | Entered Level 1 of the Orcish Mines
 25767 | Orc:1    | Found a roughly hewn altar of Beogh.
 26023 | Orc:2    | Found a roughly hewn altar of Beogh.
 26691 | Orc:3    | Found a staircase to the Elven Halls.
 26801 | Orc:3    | Found Niheib's Distillery.
 26810 | Orc:3    | Bought a potion of heal wounds for 54 gold pieces
 26810 | Orc:3    | Bought 2 potions of curing for 72 gold pieces
 26810 | Orc:3    | Bought a potion of heal wounds for 54 gold pieces
 26853 | Orc:3    | Reached skill level 1 in Earth Magic
 27072 | Orc:4    | Entered Level 4 of the Orcish Mines
 27541 | Orc:2    | Reached XP level 15. HP: 99/126 MP: 28/28
 27730 | Orc:4    | Noticed Joseph
 27746 | Orc:4    | Killed Joseph
 27986 | Orc:4    | Paralysed by an orc sorcerer for 3 turns
 28190 | Orc:4    | Noticed an orc warlord
 28428 | Orc:4    | Killed an orc warlord
 28777 | Orc:4    | Found Quitid Pure's General Store.
 28784 | Orc:4    | Found Shompycs' Antique Armour Emporium.
 28784 | Orc:4    | Found Mnaipn's Antique Weapon Shoppe.
 28855 | Orc:4    | Found Keteedghe's Book Emporium.
 28859 | Orc:4    | Bought a potion of mutation for 40 gold pieces
 28859 | Orc:4    | Bought a scroll of identify for 32 gold pieces
 28859 | Orc:4    | Bought a scroll of identify for 32 gold pieces
 28867 | Orc:4    | Lost mutation: Your mind is acute. (Int +2) [potion of mutation]
 29427 | D:15     | Noticed a centaur warrior
 29440 | D:15     | Killed a centaur warrior
 29580 | D:15     | Noticed a fire dragon
 29593 | D:15     | Noticed a fire dragon
 29594 | D:15     | Killed a fire dragon
 29594 | D:15     | Reached skill level 5 in Earth Magic
 29605 | D:15     | Killed a fire dragon
 29699 | D:15     | Found a staircase to the Depths.
 30215 | Elf:1    | Entered Level 1 of the Elven Halls
 30246 | Elf:1    | Noticed Snorg
 30250 | Elf:1    | Killed Snorg
 30476 | Elf:1    | Reached skill level 1 in Transmutations
 30544 | Elf:1    | Found Ohuipp's Distillery.
 30562 | Elf:1    | Bought a potion of heal wounds for 54 gold pieces
 30562 | Elf:1    | Bought a potion of invisibility for 99 gold pieces
 30562 | Elf:1    | Bought a potion of mutation for 45 gold pieces
 30562 | Elf:1    | Bought a potion of mutation for 45 gold pieces
 30562 | Elf:1    | Bought a potion of curing for 36 gold pieces
 30570 | Elf:1    | Lost mutation: Your tail ends in a sharp poisonous barb. [potion of mutation]
 30570 | Elf:1    | Gained mutation: You are clumsy. (Dex -2) [potion of mutation]
 30571 | Elf:1    | Gained mutation: Your spells are a little harder to cast, but a little more powerful. [potion of mutation]
 30571 | Elf:1    | Lost mutation: Your magical capacity is low (-10% MP). [potion of mutation]
 30571 | Elf:1    | Gained mutation: You have a pair of antennae on your head. [potion of mutation]
 30594 | Elf:1    | Noticed Nikola
 30613 | Elf:1    | Killed Nikola
 30624 | Elf:1    | Your ally Nikola died
 31253 | Elf:2    | Reached skill level 10 in Dodging
 31253 | Elf:2    | Reached skill level 5 in Transmutations
 31470 | Elf:2    | Found Uquvaiz's Assorted Antiques.
 31492 | Elf:2    | Bought a potion of heal wounds for 108 gold pieces
 31492 | Elf:2    | Bought an opal ring for 180 gold pieces
 31715 | Elf:3    | Entered Level 3 of the Elven Halls
 31784 | Elf:3    | Reached XP level 16. HP: 88/134 MP: 33/33
 31811 | Elf:3    | Found a magical portal.
 31814 | Elf:3    | Noticed a Hell Sentinel
 31840 | WizLab   | Entered Doroklohe's Tomb
 31992 | WizLab   | Got a pair of ancient gloves
 32003 | WizLab   | Identified the +0 pair of gloves "Juunt" {rF+ rCorr Slay-7} (You found it in a wizard's laboratory)
 32084 | WizLab   | Noticed an ancient lich
 32265 | Elf:3    | Found a shimmering altar of Xom.
 32856 | Elf:3    | Noticed an Ice Fiend
 32858 | Elf:3    | Noticed a deep elf blademaster
 32866 | Elf:3    | Reached skill level 15 in Maces & Flails
 32884 | Elf:3    | HP: 5/149 [balrug/divine providence[a ghostly deep elf demonologist] (11)]
 33151 | Elf:2    | Noticed Nessos
 33153 | Elf:2    | Noticed a deep elf blademaster
 33156 | Elf:2    | Killed Nessos
 33172 | Elf:2    | Killed a deep elf blademaster
 33630 | Elf:2    | Your ally Nessos died
 33643 | Elf:2    | Killed from afar by a deep elf conjurer

Action                   |  1- 3 |  4- 6 |  7- 9 | 10-12 | 13-15 | 16-18 || total
-------------------------+-------+-------+-------+-------+-------+-------++-------
Melee: Flail             |    56 |   191 |   192 |       |       |       ||   439
       Morningstar       |       |       |   241 |   727 |  1394 |   196 ||  2558
 Fire: Hunting sling     |    31 |    31 |    10 |       |       |       ||    72
Throw: Stone             |     3 |       |     5 |       |       |       ||     8
       Tomahawk          |       |       |     2 |     3 |     1 |       ||     6
 Cast: Animate Skeleton  |       |       |       |       |   189 |    14 ||   203
       Vampiric Draining |       |       |       |       |    34 |       ||    34
       Stoneskin         |       |       |       |       |     1 |     1 ||     2
       Regeneration      |       |       |       |       |       |     5 ||     5
Invok: Minor Destruction |       |       |    26 |    85 |   146 |    17 ||   274
       Lesser Servant of |       |       |     2 |     3 |     7 |     1 ||    13
       Major Destruction |       |       |     4 |    72 |   165 |    35 ||   276
       Greater Servant o |       |       |       |     3 |     5 |     5 ||    13
 Abil: Breathe Sticky Fl |       |       |    17 |    15 |    23 |       ||    55
       Evoke Flight      |       |       |       |       |     2 |       ||     2
Evoke: Wand              |       |       |     2 |     4 |    10 |    17 ||    33
       Lamp of fire      |       |       |       |       |     1 |     1 ||     2
  Use: Scroll            |       |     8 |     1 |    19 |    27 |     5 ||    60
       Potion            |       |     2 |       |     4 |    11 |     8 ||    25
 Stab: Sleeping          |       |       |       |       |     1 |       ||     1
       Distracted        |       |       |       |       |     6 |     3 ||     9
  Eat: Chunk             |     1 |     7 |     8 |    36 |    67 |     7 ||   126
       Beef jerky        |       |     2 |     1 |     3 |     2 |       ||     8
       Fruit             |       |       |     5 |       |     3 |       ||     8
       Meat ration       |       |       |     1 |       |     2 |       ||     3
       Bread ration      |       |       |     1 |     4 |     2 |       ||     7
       Pizza             |       |       |       |     1 |     2 |     1 ||     4
       Royal jelly       |       |       |       |       |     4 |     2 ||     6
